 Dungeon Crawl Stone Soup version 0.19.4-10-g532645f (webtiles) character file.

67 Rrauwl the Gusty (level 3, -3/24 HPs)
             Began as a Demonspawn Air Elementalist on Feb 25, 2017.
             Slain by an orc
             ... wielding a +0 morningstar
              (5 damage)
             ... on level 3 of the Dungeon.
             The game lasted 00:12:09 (2635 turns).

Rrauwl the Gusty (Demonspawn Air Elementalist)      Turns: 2635, Time: 00:12:09

Health: -3/24      AC: 14    Str:  8    XL:     3   Next: 98%
Magic:  3/6        EV: 10    Int: 16    God:
Gold:   119        SH:  0    Dex: 14    Spells: 1 memorised, 5 levels left

rFire  + . .     SeeInvis .     g - +0 hand axe
rCold  . . .     Gourm    .     d - +1 ring mail
rNeg   . . .     Faith    .     (no shield)
rPois  .         Spirit   .     j - +1 helmet
rElec  .         Reflect  .     (no cloak)
rCorr  .         Harm     .     (no gloves)
MR     .....                    (no boots)
Stlth  +.........               (no amulet)
                                (no ring)
                                (no ring)

@: sanguine armour, very slightly contaminated
A: fire resistance 1, sanguine armour 1
a: no special abilities


You were on level 3 of the Dungeon.
You were not hungry.

You visited 1 branch of the dungeon, and saw 3 of its levels.

You collected 119 gold pieces.

Inventory:

Hand Weapons
 g - a +0 hand axe (weapon)
Armour
 d - a +1 ring mail (worn)
 j - a +1 helmet (worn)
Scrolls
 a - a scroll of recharging
Books
 b - a book of Air

   Spells                             Type                      Level
   a - Shock                          Conjuration/Air              1
   b - Swiftness                      Charms/Air                   2
   c - Repel Missiles                 Charms/Air                   2
   d - Static Discharge               Conjuration/Air              3
   e - Lightning Bolt                 Conjuration/Air              5
Comestibles
 c - 2 bread rations
 f - 4 fruits
 h - 4 chunks of flesh


   Skills:
 + Level 0.5 Armour
 + Level 2.3 Dodging
 + Level 2.3 Stealth
 + Level 2.3 Spellcasting
 + Level 2.2 Conjurations
 + Level 2.9 Air Magic


You had 5 spell levels left.
You knew the following spells:

 Your Spells              Type           Power        Failure   Level  Hunger
a - Shock                 Conj/Air       ##..         24%         1    #......


Dungeon Overview and Level Annotations

Branches:
Dungeon (3/15)

Altars:


Innate Abilities, Weirdness & Mutations

Your flesh is heat resistant. (rF+)
When seriously injured, your bleeding wounds create armour. (AC +6)


Message History

You miscast Shock.
You are very lightly contaminated with residual magic.
Nothing appears to happen.
The orc hits you but does no damage.
Casting: Shock
Confirm with . or Enter, or press ? or * to list all spells.
Aiming: Shock
Press: ? - help, Shift-Dir - straight line You miscast Shock.
Nothing appears to happen.
The orc closely misses you.
Casting: Shock
Confirm with . or Enter, or press ? or * to list all spells.
Aiming: Shock
Press: ? - help, Shift-Dir - straight line You miscast Shock.
Nothing appears to happen.
You hit the orc.
The orc is heavily wounded.
The orc hits you but does no damage.
You hit the orc but do no damage.
The orc is heavily wounded.
The orc closely misses you. The orc hits you with a morningstar.
You die...

.......(........#.......
.................#......<
.................###+#...
.................# #...
............##### ####
............#
#+##........# #
#....##### ...##..)@#
.......o)# .........#
........†# ....#....#
..##.......o.... .
#......o.....
#............
#..........##


You could see an orc.

Vanquished Creatures
  2 worms
  3 dart slugs
  A leopard gecko (D:3)
  3 orcs (D:3)
  2 giant cockroaches (D:2)
  4 goblins
  7 hobgoblins
  9 jackals
  3 kobolds
  2 ball pythons
  2 bats
  3 frilled lizards
  5 rats
46 creatures vanquished.

Notes
Turn   | Place    | Note
-------+----------+-------------------------------------------
     0 | D:1      | Rrauwl the Demonspawn Air Elementalist began the quest for the Orb.
     0 | D:1      | Reached XP level 1. HP: 13/13 MP: 3/3
   211 | D:1      | Gained mutation: Your flesh is heat resistant. (rF+) [demonic ancestry]
   211 | D:1      | Reached XP level 2. HP: 14/19 MP: 5/5
  1514 | D:2      | Gained mutation: When seriously injured, your bleeding wounds create armour. (AC +6) [demonic ancestry]
  1514 | D:2      | Reached XP level 3. HP: 11/24 MP: 6/6
  2139 | D:2      | Learned a level 1 spell: Shock
  2630 | D:3      | HP: 1/24 [orc/morningstar (8)]
  2635 | D:3      | Slain by an orc

Skill      XL: |  1  2  3 |
---------------+----------+-----
Dodging        | 2 |  2.3
Stealth        | 2 |  2.3
Conjurations   | 2 |  2.2
Armour         | |  0.5
Spellcasting   | |  2.3
Air Magic      | |  2.9

Action                   || total
-------------------------++-------
Melee: Hand axe          ||   177
       Unarmed           ||    10
 Cast: Shock             ||     5
  Use: Potion            ||     2
       Scroll            ||     5
 Stab: Sleeping          ||     2
  Eat: Chunk             ||     6
Armor: Scale mail        ||    71
       Robe              ||     3
       Ring mail         ||    28
Dodge: Dodged            ||    95
